 Dungeon Crawl Stone Soup version 0.23.2-11-gf996548c65 (webtiles) character file.

Game seed: 12522102712475770056

4461 Revguard the Cleaver (level 10, -7/84 HPs)
             Began as a Hill Orc Fighter on June 3, 2019.
             Was a Follower of Beogh.
             Mangled by an orc warrior
             ... wielding a cursed +0 glaive
              (10 damage)
             ... on level 7 of the Dungeon.
             The game lasted 00:20:58 (6183 turns).

Revguard the Cleaver (Hill Orc Fighter)             Turns: 6183, Time: 00:21:01

Health: -7/84      AC: 18    Str: 26    XL:     10   Next: 37%
Magic:  12/12      EV: 12    Int:  8    God:    Beogh [*.....]
Gold:   389        SH: 16    Dex: 17    Spells: 9/9 levels left

rFire    . . .     SeeInvis .   d - +0 war axe (venom)
rCold    . . .     Gourm    .   c - +1 shield
rNeg     + . .     Faith    .   s - +0 plate armour
rPois    .         Spirit   .   w - +1 helmet
rElec    .         Reflect  +   (no cloak)
rCorr    +         Harm     .   r - +0 pair of gloves
MR       .....                  (no boots)
Stlth    ..........             a - +3 amulet of reflection
HPRegen  0.24/turn              q - ring of positive energy
MPRegen  0.13/turn              u - ring of resist corrosion

@: mighty, agile, lethally poisoned (-7 -> -13), slowed, very slow
A: yellow scales 1, blurry vision 1, low mp 1
a: Renounce Religion


You were on level 7 of the Dungeon.
You worshipped Beogh.
Beogh was aware of your devotion.
You were hungry.

You visited 2 branches of the dungeon, and saw 8 of its levels.

You collected 389 gold pieces.

Inventory:

Hand Weapons
 d - a +0 war axe of venom (weapon)
Armour
 c - a +1 shield (worn)
 r - a +0 pair of gloves (worn)
 s - a +0 plate armour (worn)
 w - a +1 helmet (worn)
Jewellery
 a - a +3 amulet of reflection (around neck)
 q - a ring of positive energy (left hand)
 u - a ring of resist corrosion (right hand)
 A - an uncursed ring of protection from fire
Wands
 b - a wand of flame (14)
 l - a wand of disintegration (6)
 t - a wand of polymorph (6)
Scrolls
 g - 7 scrolls of teleportation
 h - a scroll of identify
 i - 4 scrolls of remove curse
 j - 2 scrolls of enchant armour
 k - a scroll of magic mapping
 o - a scroll of noise {unknown}
 v - a scroll of amnesia
 x - a scroll of fear {unknown}
 y - a scroll of blinking {unknown}
 z - a scroll of enchant weapon {unknown}
Potions
 e - a potion of brilliance
 p - a potion of might
Comestibles
 f - 19 rations


   Skills:
 + Level 6.6 Fighting
 + Level 11.2 Axes
 + Level 7.0 Armour
 + Level 2.1 Dodging
 + Level 7.8 Shields
 * Level 4.1 Invocations
 * Level 5.7 Evocations


You had 9 spell levels left.
You didn't know any spells.
Your spell library contained the following spells:

 Spells                   Type           Power        Failure   Level  Hunger
 Animate Skeleton         Necr           N/A          100%        1    ##.....
 Pain                     Necr           #...         100%        1    ##.....
 Regeneration             Chrm/Necr      #.........   100%        3    ####...
 Vampiric Draining        Necr           #.........   100%        3    ####...
 Animate Dead             Necr           N/A          100%        4    #####..


Dungeon Overview and Level Annotations

Branches:
Dungeon (7/15)             Temple (1/1) D:5

Altars:
Ashenzari
Cheibriados
Dithmenos
Elyvilon
Fedhas
Gozag
Hepliaklqana
Kikubaaqudgha
Okawaru
Qazlal
Ru
Sif Muna
Trog
Uskayaw
Vehumet
Xom
Yredelemnul
Zin
The Shining One

Shops:
D:5 *[

Annotations:
D:7 1 transporter


Innate Abilities, Weirdness & Mutations

You are partially covered in yellow scales. (AC +2)
Scrolls take you a little longer to read.
Your magical capacity is low. (-10% MP)


Message History

The orc warrior is heavily wounded.
The now-empty wand crumbles to dust.
You block the orc warrior's attack.
The kobold shoots a curare-tipped needle.
The curare-tipped needle hits you.
You are poisoned.
You have difficulty breathing.
* * * LOW HITPOINT WARNING * * *
You feel yourself slow down.
Evoke which item? (* to show all) (? for menu, Esc to quit)
Aiming: Disintegrate
Press: ? - help, Shift-Dir - straight line, f - kobold, p - orc warrior
Aim: a kobold, wielding a +5 blowgun and wearing a +0 scale mail (slow, chance to defeat MR: 93%)
The kobold is blasted!
You blow up the kobold!
Beogh accepts your kill.
* * * LOW HITPOINT WARNING * * *
You feel sick.
The orc warrior hits you with a cursed +0 glaive!
You die...
Beogh appreciates the orc warrior's killing of a heretic priest.

#..!.....####.....##.##
#.............#..###.#
###...©.....####..## ###
##...#####........##
#..###.©.###..##### ##.##
#...[.##.## #########
#..#####....##..#### #.<......
#.##.#≈#.###o##....###........
#.#o.##.).≈ #@#)##............
#.#....._.###)#.#####.........
#.#...#..%...)#(####..........
#.##..#≈#%.%%##.##...#......#.
#..#..##(...%#.(...###...^..##
##.####..%.%##...### #......##
#..###.©.###...## #########
##...#####....(#
###...©......##


You could see an orc warrior (berserk).

Vanquished Creatures
  A two-headed ogre (D:5)
  The ghost of Cykl0x the Cleaver, a novice FoFi of Makhleb (D:7)
  An oklob plant (D:4)
  A moth of wrath (D:7)
  A cyclops (D:7)
  A hornet (D:4)
  Sigmund (D:3)
  A hungry ghost (D:7)
  An ice beast (D:7)
  2 phantoms
  A black bear (D:7)
  2 ogres
  A centaur (D:7)
  A big kobold (D:7)
  2 scorpions
  A howler monkey (D:4)
  2 bullfrog zombies
  A crimson imp (D:4)
  A hound (D:5)
  4 jellies
  A centaur skeleton (D:5)
  An orc priest (D:7)
  An iguana (D:4)
  Crazy Yiuf (D:5)
  Ijyb (D:5)
  2 orc wizards (D:3)
  3 worker ants
  A hound zombie (D:6)
  A hound skeleton (D:5)
  A worker ant zombie (D:6)
  11 adders
  An ooze (D:5)
  2 adder zombies (D:5)
  3 adder skeletons
  A worm (D:2)
  A dart slug (D:2)
  3 leopard geckos
  26 orcs
  9 giant cockroaches
  2 goblins (D:1)
  2 hobgoblins
  13 jackals
  3 kobolds
  4 quokkas
  7 bats
  4 frilled lizards
  2 jackal skeletons
  A jackal zombie (D:7)
  A quokka zombie (D:5)
  8 rats
  3 fungi (D:4)
  6 plants
  A withered plant (D:3)
154 creatures vanquished.

Vanquished Creatures (others)
  A black bear (D:6)
  A centaur (D:7)
  An orc (D:6)
  A quokka (D:6)
  A quokka skeleton (D:6)
5 creatures vanquished.

Grand Total: 159 creatures vanquished

Notes
Turn   | Place    | Note
-------+----------+-------------------------------------------
     0 | D:1      | Revguard the Hill Orc Fighter began the quest for the Orb.
     0 | D:1      | Reached XP level 1. HP: 19/19 MP: 1/1
   176 | D:1      | Reached skill level 3 in Axes
   176 | D:1      | Reached XP level 2. HP: 25/27 MP: 2/2
   573 | D:1      | Reached XP level 3. HP: 33/33 MP: 3/3
   905 | D:2      | Found a shadowy altar of Dithmenos.
  1451 | D:2      | Reached skill level 4 in Axes
  1643 | D:3      | Found a blossoming altar of Fedhas.
  1676 | D:3      | Reached XP level 4. HP: 35/40 MP: 4/4
  1685 | D:3      | Found a bloodstained altar of Trog.
  1685 | D:3      | Found a shattered altar of Ashenzari.
  1721 | D:3      | Found a glowing golden altar of the Shining One.
  1762 | D:3      | Reached XP level 5. HP: 25/46 MP: 5/5
  2030 | D:3      | Found a stormy altar of Qazlal.
  2127 | D:3      | Found an ancient bone altar of Kikubaaqudgha.
  2248 | D:3      | Found a bloodstained altar of Trog.
  2273 | D:3      | Noticed Sigmund
  2283 | D:3      | Killed Sigmund
  2283 | D:3      | Reached skill level 5 in Axes
  2283 | D:3      | Reached skill level 1 in Evocations
  2283 | D:3      | Reached XP level 6. HP: 49/53 MP: 6/6
  2508 | D:4      | Reached skill level 6 in Axes
  2519 | D:4      | HP: 2/53 [ogre/+0 giant club (27)]
  2822 | D:4      | Reached skill level 1 in Dodging
  2823 | D:4      | Reached XP level 7. HP: 49/60 MP: 8/8
  2870 | D:4      | Noticed a hornet
  2876 | D:4      | Paralysed by a hornet for 3 turns
  2880 | D:4      | Killed a hornet
  2880 | D:4      | Reached skill level 7 in Axes
  2880 | D:4      | Reached skill level 5 in Shields
  3224 | D:4      | Reached skill level 5 in Armour
  3234 | D:4      | Found a blossoming altar of Fedhas.
  3253 | D:4      | Noticed an oklob plant
  3702 | D:4      | Killed an oklob plant
  3702 | D:4      | Reached skill level 5 in Fighting
  3702 | D:4      | Reached XP level 8. HP: 31/68 MP: 10/10
  3980 | D:5      | Entered Level 5 of the Dungeon
  4030 | D:5      | Reached skill level 8 in Axes
  4034 | D:5      | Noticed Ijyb
  4043 | D:5      | Killed Ijyb
  4190 | D:5      | Found a white marble altar of Elyvilon.
  4202 | D:5      | Gained mutation: Your magical capacity is low. (-10% MP)
                  | [potion of mutation]
  4202 | D:5      | Gained mutation: Scrolls take you a little longer to read.
                  | [potion of mutation]
  4202 | D:5      | Gained mutation: You are partially covered in yellow
                  | scales. (AC +2) [potion of mutation]
  4348 | D:5      | Found an iron altar of Okawaru.
  4423 | D:5      | Found Zexket's Armour Shoppe.
  4462 | D:5      | Found Wutitoc's General Store.
  4495 | D:5      | Noticed a two-headed ogre
  4502 | D:5      | Killed a two-headed ogre
  4502 | D:5      | Reached skill level 9 in Axes
  4502 | D:5      | Reached XP level 9. HP: 56/75 MP: 9/11
  4580 | D:5      | Found a runed translucent door.
  4581 | D:5      | Noticed Crazy Yiuf
  4590 | D:5      | Killed Crazy Yiuf
  4638 | D:5      | Found a staircase to the Ecumenical Temple.
  4783 | Temple   | Entered the Ecumenical Temple
  5171 | D:6      | Became a worshipper of Beogh the Brigand
  5690 | D:7      | Reached skill level 1 in Invocations
  5705 | D:7      | Reached skill level 10 in Axes
  5793 | D:7      | Reached skill level 5 in Evocations
  5794 | D:7      | Found a hazy altar of Hepliaklqana.
  5816 | D:7      | Noticed a cyclops
  5818 | D:7      | Found a bloodstained altar of Trog.
  5818 | D:7      | Noticed a moth of wrath
  5818 | D:7      | Noticed Cykl0x's ghost (novice FoFi)
  5819 | D:7      | Found a transporter.
  5821 | D:7      | Identified the +4 short sword "ETAOIN SHRDLU" {vamp, +Inv
                  | rPois Int-4 Stlth+}
  5829 | D:7      | Found a transporter.
  5882 | D:7      | Reached * piety under Beogh
  6157 | D:7      | Killed a cyclops
  6157 | D:7      | Reached XP level 10. HP: 58/84 MP: 12/12
  6174 | D:7      | Killed Cykl0x's ghost
  6174 | D:7      | Reached skill level 11 in Axes
  6181 | D:7      | Killed a moth of wrath
  6182 | D:7      | HP: 4/84 [asphyx]
  6183 | D:7      | Mangled by an orc warrior

Skill      XL: |  1  2  3  4  5  6  7  8  9 10 |
---------------+-------------------------------+-----
Axes           | 3 4 5 6 7 9 10 11 | 11.2
Fighting       | 4 5 6 |  6.6
Shields        | 4 5 6 7 |  7.8
Armour         | 4 5 6 7 |  7.0
Evocations     | 1 2 3 4 5 |  5.7
Dodging        | 1 2 |  2.1
Invocations    | 2 4 |  4.1

Action                   |  1- 3 |  4- 6 |  7- 9 | 10-12 || total
-------------------------+-------+-------+-------+-------++-------
Melee: War axe           |   155 |   104 |   300 |    13 ||   572
Invok: Convert to Beogh  |       |       |     1 |       ||     1
Evoke: Wand              |       |       |     6 |     5 ||    11
  Use: Potion            |     5 |     4 |     1 |     2 ||    12
       Scroll            |       |     5 |     7 |       ||    12
  Eat: Chunk             |     2 |     3 |     9 |       ||    14
       Ration            |       |       |     2 |       ||     2
Armor: Scale mail        |    79 |    39 |    27 |       ||   145
       Plate armour      |       |       |    53 |     7 ||    60
Dodge: Dodged            |    52 |    29 |    59 |     2 ||   142
Block: Shield            |    70 |    57 |   172 |    21 ||   320
       Reflection        |       |       |     6 |     1 ||     7
